[Event "*** Titled Tuesday Blitz"]
[Site "Chess.com"]
[Date "2019.02.05"]
[Round "1"]
[White "Antipov_Mikhail_Al"]
[Black "Sordis"]
[Result "1-0"]
[WhiteElo "2731"]
[BlackElo "2338"]
[TimeControl "180+2"]
[EndTime "13:07:43 PST"]
[Termination "Antipov_Mikhail_Al won by resignation"]

1. e4 c5 2. Nf3 d6 3. d4 cxd4 4.
Nxd4 Nf6 5. Nc3 g6 6. Bc4 Bg7 7. Bb3 O-O 8. Bg5 Nc6 9. Nxc6 bxc6 10. Qd2 Qa5 11. O-O-O Be6 12. Kb1 Bxb3 13. axb3 Rfb8 14. f3 Rb6 15. Na4 Qxd2 16. Bxd2 Rb7 17. Bc3 Rab8 18.
e5 Ne8 19. exd6 exd6 20. Rhe1 Bxc3 21. bxc3 Kf8 22. Kb2 Re7 23. c4 Rxe1 24. Rxe1 Nc7 25. Nc3 f5 26. Ra1 Rb7 27. Ne2 Ke7 28. Nd4 Kd7 29.
Kc3 Ne6 30. Nxe6 Kxe6 31. Ra6 Kd7 32. h4 Rc7 33. Kd4 Ke6 34. c5 h6 35. b4 Kd7 36. c4 Rb7 37. cxd6 Rxb4 38. Ke5 Rb7 39. c5 Rb2 40. Rxa7+ Kd8 41. g4 fxg4 42. fxg4 Rc2 43. Kf6 Rxc5 44. Ke6 1-0

[Event "*** Titled Tuesday Blitz"]
[Site "Chess.com"]
[Date "2019.02.05"]
[Round "1"]
[White "iLuusions"]
[Black "Jooonaaas1996"]
[Result "1-0"]
[WhiteElo "2632"]
[BlackElo "2268"]
[TimeControl "180+2"]
[EndTime "13:07:44 PST"]
[Termination "iLuusions won by resignation"]

1. d4 d5 2. c4 e6 3. Nf3 Nf6 4. g3 Bb4+ 5. Bd2 Bd6 6. Bg2 c6 7. Nc3 O-O 8. Bg5 h6 9. Bxf6 Qxf6 10. e4 dxe4 11. Nxe4 Bb4+ 12. Ke2 Qd8 13. a3 Be7 14. Qc2 Nd7 15. Rhd1 b6 16. Kf1 Bb7 17. Kg1 Qc7 18.
c5 Nf6 19. b4 a5 20. Ne5 Nd5 21. Qb2 Ba6 22. cxb6 Nxb6 23. Rac1 Bb5 24. Nc3 Ba4 25.
Nxa4 Nxa4 26. Qb3 axb4 27. axb4 Bf6 28. Nxc6 Qb6 29. b5 Rfc8 30. Ra1 Bxd4 31. Nxd4 Nc5 32.
Qe3 Rxa1 33. Rxa1 Rd8 34. Nc6 Rd3 35. Ra8+ Kh7 36. Be4+ Nxe4 37. Qxe4+ f5 38. Qxd3 Qc5 39. Ra1 Qb6 40. Rb1 Qc5 41. Qe3 Qc1+ 42. Qxc1 1-0

[Event "*** Titled Tuesday Blitz"]
[Site "Chess.com"]
[Date "2019.02.05"]
[Round "1"]
[White "IngOscarArdila"]
[Black "GameOverBro"]
[Result "0-1"]
[WhiteElo "2057"]
[BlackElo "2501"]
[TimeControl "180+2"]
[EndTime "13:07:48 PST"]
[Termination "GameOverBro won on time"]

1. e4 d6 2. d3 Nf6 3. Nd2 c5 4. Ngf3 Nc6 5. g3 Bg4 6. Bg2 Nd4 7. O-O Qd7 8. c3 Nxf3+ 9. Nxf3 h6 10. Re1 e5 11. Qc2 Be7 12. Bd2 Rc8 13. Be3 O-O 14. Rad1 Rfd8 15. Bc1 Bh3 16. Qe2 Bxg2 17. Kxg2 Qa4 18. b3 Qa6 19. Nh4 Bf8 20. Nf5 Kh7 21. f4 g6 22. Ne3 Bg7 23. f5 d5 24. exd5 Nxd5 25. Nxd5 Rxd5 26. c4 Rd7 27. fxg6+ fxg6 28. Rf1 Rcd8 29. Rf3 e4 30. Qxe4 Qxa2+ 31. Rf2 Qxb3 32.
Rdf1 Qxd3 33. Qg4 Qd4 34. Rf4 Qc3 35. h4 h5 36. Qe6 Qe5 37. Qxe5 Bxe5 38. Rf7+ Kg8 39.
R7f3 Rd3 40. Rf7 Rxg3+ 41. Kh1 Rh3+ 42. Kg2 Rxh4 43. Rxb7 Rg4+ 44. Kh1 Rd3 0-1

[Event "*** Titled Tuesday Blitz"]
[Site "Chess.com"]
[Date "2019.02.05"]
[Round "1"]
[White "TomasKapitanchuk"]
[Black "VerdeNotte"]
[Result "0-1"]
[WhiteElo "2419"]
[BlackElo "2844"]
[TimeControl "180+2"]
[EndTime "13:07:49 PST"]
[Termination "VerdeNotte won by resignation"]

1. e4 d6 2. d4 Nf6 3. Nc3 g6 4. h3 Bg7 5. Nf3 O-O 6. Be2 e6 7. O-O a6 8. a4 b6 9. Bf4 Nc6 10. Re1 Bb7 11. Qd2 e5 12. Be3 exd4 13. Nxd4 Nxd4 14.
Bxd4 c5 15. Bxf6 Qxf6 16. Nd5 Bxd5 17. Qxd5 Qxb2 18. Rab1 Qxc2 19. Rxb6 Bd4 20. Rxd6 Qd2 21. Kf1 Qf4 22. Bf3 Rab8 23. Kg1 Rb2 24. Rf1 Rxf2 25.
Rxf2 Qc1+ 26. Kh2 Bxf2 27. Qd1 Qf4+ 28. Kh1 Bd4 29. Rxa6 Be5 30. Kg1 Rb8 31. Ra5 Qh2+ 32. Kf1 Rb2 33. Ra8+ Kg7 34. Be2 Qh1+ 35. Kf2 Qxd1 0-1

[Event "*** Titled Tuesday Blitz"]
[Site "Chess.com"]
[Date "2019.02.05"]
[Round "1"]
[White "ENEASZ"]
[Black "Revnov"]
[Result "0-1"]
[WhiteElo "2388"]
[BlackElo "2789"]
[TimeControl "180+2"]
[EndTime "13:07:50 PST"]
[Termination "Revnov won by resignation"]

1. e4 c5 2. c3 Nf6 3. e5 Nd5 4. d4 cxd4 5. cxd4 d6 6. Bc4 Nb6 7. Bb5+ Bd7 8. e6 fxe6 9. Bd3 g6 10. h4 Nc6 11. h5 g5 12. Bxg5 Nxd4 13. Nc3 Bc6 14.
Qg4 e5 15. Nge2 Qd7 16. Qh4 Bxg2 17. Nxd4 exd4 18. Qxd4 e5 19. Qh4 Rc8 20. Rg1 Qh3 21. Qxh3 Bxh3 22. Bf6 Kf7 23. Bxh8 Bh6 24. Bxh7 Rxh8 25.
Bg6+ Kf6 26. Ne4+ Ke7 27. Ng3 Rf8 28. Rd1 d5 29. b3 e4 30. Rb1 Kd6 31. Rh1 Be6 32.
Rd1 Ke5 33. a4 Nd7 34. Rh4 Bg5 35. Rh1 Bh6 36. Rh4 Nf6 37. Rh1 Ng4 38. Ra1 Nxf2 39. Rf1 Nd3+ 40. Ke2 Bg4+ 0-1

[Event "*** Titled Tuesday Blitz"]
[Site "Chess.com"]
[Date "2019.02.05"]
[Round "1"]
[White "hermionegrangermagic"]
[Black "DmitryMaximov"]
[Result "1-0"]
[WhiteElo "2307"]
[BlackElo "2627"]
[TimeControl "180+2"]
[EndTime "13:07:50 PST"]
[Termination "hermionegrangermagic won by resignation"]

1. e4 c5 2. Nf3 d6 3. d4 cxd4 4. Nxd4 Nf6 5. Nc3 Nc6 6. Bg5 e6 7. Qd2 a6 8. O-O-O Bd7 9. f3 h6 10. Be3 b5 11. g4 Ne5 12. Bd3 b4 13. Nce2 d5 14. exd5 Nxd5 15. Nf4 Nc3 16. bxc3 Qa5 17. Nb3 Qxa2 18. cxb4 Rb8 19. Qc3 Bxb4 20. Qxe5 O-O 21.
Qa1 Qxa1+ 22. Nxa1 a5 23. Bd4 f6 24. c3 Ba3+ 25. Kd2 e5 26. Ng6 Rfd8 27. Ba7 Rb2+ 28. Ke3 Rb7 29. Nc2 Bd6 30. Bc4+ Kh7 31. Rxd6 Rxa7 32.
Bd3 Kg8 33. Bf5 Rc7 34. Rxd7 Rdxd7 35. Bxd7 Rxd7 36. Na3 Kf7 37. Nh4 g6 38. Rc1 Rb7 39. Nc4 a4 40. Nd6+ 1-0

[Event "*** Titled Tuesday Blitz"]
[Site "Chess.com"]
[Date "2019.02.05"]
[Round "1"]
[White "AbdAlAgathos"]
[Black "Last7Samurai"]
[Result "0-1"]
[WhiteElo "2323"]
[BlackElo "2711"]
[TimeControl "180+2"]
[EndTime "13:07:52 PST"]
[Termination "Last7Samurai won by resignation"]

1. e4 e5 2. Nf3 Nc6 3. Bb5 a6 4. Ba4 g6 5. d4 exd4 6. c3 Bg7 7. cxd4 b5 8. Bb3 Nge7 9. O-O d6 10. h3 O-O 11. Nc3 Na5 12. Bc2 c5 13. Bg5 h6 14.
Bh4 g5 15. Bg3 Nc4 16. b3 Na3 17. Rc1 Nxc2 18. Rxc2 f5 19. exf5 Bxf5 20. Re2 c4 21. bxc4 bxc4 22. Rfe1 Ng6 23. Nd5 Kh8 24. Re6 Bxe6 25. Rxe6 Nf4 26. Bxf4 gxf4 27. Qc2 Qd7 28. Qg6 Qf7 29. Nh4 Rac8 30. Qg4 Rfe8 31. Ng6+ Kh7 32. Ngxf4 Rxe6 33. Nxe6 Re8 34. Qe4+ Qg6 35. Ndf4 0-1

[Event "*** Titled Tuesday Blitz"]
[Site "Chess.com"]
[Date "2019.02.05"]
[Round "1"]
[White "PelinGorki"]
[Black "Bigfish1995"]
[Result "0-1"]
[WhiteElo "2456"]
[BlackElo "2969"]
[TimeControl "180+2"]
[EndTime "13:07:56 PST"]
[Termination "Bigfish1995 won by resignation"]

1. e4 c5 2. a3 Nf6 3. e5 Nd5 4. b4 e6 5. c4 Nf4 6. d4 Ng6 7. bxc5 b6 8. cxb6 axb6 9. Nf3 Bb7 10. Be2 d6 11. exd6 Bxd6 12. Nc3 O-O 13. h4 Nf4 14. Bxf4 Bxf4 15. Qd3 Nd7 16. Ng5 Nf6 17. Bf3 Bxf3 18.
Nxf3 Bd6 19. h5 h6 20. Nb5 Ra5 21. O-O Nxh5 22. Rfe1 Bb8 23. Ne5 Nf4 24. Qf3 Bxe5 25. dxe5 Qg5 26. Re4 Ng6 27. Rae1 Rd8 28. Nd6 Nxe5 29.
Rxe5 Rxe5 30. Rxe5 Qxe5 31. Nxf7 Qa1+ 32. Kh2 Rf8 33. Nxh6+ gxh6 34. Qg4+ Qg7 35. Qxe6+ Kh8 36. Qxb6 Qf6 37. Qe3 Qf4+ 38. g3 Qxe3 39. fxe3 Rc8 0-1

[Event "*** Titled Tuesday Blitz"]
[Site "Chess.com"]
[Date "2019.02.05"]
[Round "1"]
[White "goodluck06"]
[Black "Annawel"]
[Result "0-1"]
[WhiteElo "2455"]
[BlackElo "2953"]
[TimeControl "180+2"]
[EndTime "13:07:56 PST"]
[Termination "Annawel won by resignation"]

1. e4 c5 2. Nf3 d6 3. Bb5+ Nd7 4. O-O a6 5. Bd3 Ngf6 6. c3 b5 7. Bc2 c4 8. b3 e6 9. Qe2 Qc7 10. Na3 cxb3 11. axb3 Bb7 12. Bb2 Be7 13. d4 O-O 14. c4 b4 15. Nb1 e5 16. Nbd2 Rfe8 17. Rfe1 a5 18. Nf1 Bf8 19. Ng3 exd4 20. Nxd4 d5 21.
Nb5 Qb6 22. e5 dxc4 23. bxc4 Bc5 24. Nf5 Qc6 25. Qf1 Ng4 26. Nbd4 Qb6 27. Nd6 Bxd6 28.
exd6 Qxd6 29. g3 Nde5 30. Qh3 h6 31. Rxe5 Qxe5 32. Rf1 Nf6 33. Ba1 Be4 34. Nb5 Qe6 35. Bxe4 Qxh3 0-1

[Event "*** Titled Tuesday Blitz"]
[Site "Chess.com"]
[Date "2019.02.05"]
[Round "1"]
[White "volcanoexplorer"]
[Black "tigra"]
[Result "0-1"]
[WhiteElo "2365"]
[BlackElo "2755"]
[TimeControl "180+2"]
[EndTime "13:07:57 PST"]
[Termination "tigra won by resignation"]

1. e4 e5 2. Nf3 Nc6 3. Bc4 Nf6 4. d3 Bc5 5. O-O d6 6. c3 a6 7. Bb3 Ba7 8. Re1 O-O 9. h3 Ne7 10. Nbd2 Ng6 11. Nf1 Kh8 12. Ng3 Be6 13. Be3 Bxb3 14. Qxb3 Bxe3 15. fxe3 Rb8 16. Nf5 Ne7 17. Rf1 Nxf5 18.
exf5 e4 19. Ng5 Qe7 20. dxe4 Nxe4 21. Nxe4 Qxe4 22. Rae1 f6 23. Rf4 Qe5 24. Qc4 c6 25. Qd3 Rf7 26. Re4 Qc5 27. Rc4 Qb5 28. Qxd6 Rg8 29.
Qe6 Rff8 30. Rb4 Qd3 31. Rxb7 Re8 32. Qd7 Qc2 33. Rb4 c5 34. Rh4 Rd8 35. Qf7 Qxf5 36. e4 Qg5 37. Rg4 Qd2 38. Rf1 Qxb2 39. Rxf6 Qxc3 40.
Rf1 c4 41. Rh4 Qe3+ 42. Kh1 c3 43. Qf5 h6 44. e5 Qd2 45. e6 c2 46. e7 Rc8 47.
Qxc8 Rxc8 48. Rf8+ Kh7 49. Rxc8 c1=Q+ 50. Rxc1 Qxc1+ 51.
Kh2 Qc7+ 52. g3 Qxe7 53. Rf4 Qe2+ 0-1

[Event "*** Titled Tuesday Blitz"]
[Site "Chess.com"]
[Date "2019.02.05"]
[Round "1"]
[White "popov_m"]
[Black "twitchTriniCupid"]
[Result "1-0"]
[WhiteElo "2611"]
[BlackElo "2248"]
[TimeControl "180+2"]
[EndTime "13:07:58 PST"]
[Termination "popov_m won by resignation"]

1. e4 c6 2. d4 d5 3. e5 Bf5 4. h4 h6 5. g4 Bd7 6. Be3 c5 7. dxc5 Qc8 8. Nc3 e6 9. Nb5 a6 10. Nd6+ Bxd6 11. cxd6 Nc6 12. f4 d4 13. Bd2 f6 14. Nf3 Nd8 15. Bd3 Nf7 16. Qe2 Qc5 17. a4 Rc8 18. O-O h5 19. g5 f5 20. Bxf5 exf5 21. b4 Qxc2 22. e6 Qe4 23. exf7+ Kxf7 24. Ne5+ Ke6 25. Qf2 Rc2 26. Rfe1 Qd5 27. Ng6+ Kf7 28. Nxh8+ Kf8 29. Ng6+ Kf7 30. Ne5+ Ke6 31. Nf3+ Kxd6 32. Nxd4 Rc4 33. Be3 Kc7 34. Rac1 Kb8 35. Rxc4 Qxc4 36. Nf3 Bxa4 37. Ba7+ Ka8 38. Qd4 Qxd4+ 39. Bxd4 1-0

[Event "*** Titled Tuesday Blitz"]
[Site "Chess.com"]
[Date "2019.02.05"]
[Round "1"]
[White "wenx95"]
[Black "CzechmVIII"]
[Result "1/2-1/2"]
[WhiteElo "2504"]
[BlackElo "2111"]
[TimeControl "180+2"]
[EndTime "13:07:58 PST"]
[Termination "Game drawn by repetition"]

1. c4 Nf6 2. g3 e5 3. Bg2 d5 4.
cxd5 Nxd5 5. Nc3 Nb6 6. Nf3 Nc6 7. d3 Be7 8. O-O O-O 9. a3 Re8 10. b4 Bf8 11. Bb2 a5 12. b5 Nd4 13. Rc1 a4 14. Nd2 Ra5 15. Nc4 Nxc4 16. dxc4 Nb3 17. Rc2 Bf5 18.
Bxb7 Qxd1 19. Rxd1 Bxc2 20. Rd7 Bd6 21. Bd5 Nc5 22.
Rxf7 Kh8 23. Na2 Be4 24. Nb4 Bxd5 25. Nxd5 Kg8 26. Rf3 e4 27. Re3 Raa8 28. Kg2 Rad8 29.
Nb4 Rd7 30. Nc6 Rf7 31. f4 Nb3 32. Ne5 Bxe5 33. Bxe5 Nc5 34. Bd4 Ne6 35. Be5 Nc5 36.
Bd4 Ne6 37. Be5 Nc5 38. Bd4 1/2-1/2

[Event "*** Titled Tuesday Blitz"]
[Site "Chess.com"]
[Date "2019.02.05"]
[Round "1"]
[White "Kangoroo3000"]
[Black "ShadyH9"]
[Result "0-1"]
[WhiteElo "2642"]
[BlackElo "2312"]
[TimeControl "180+2"]
[EndTime "13:08:04 PST"]
[Termination "ShadyH9 won by resignation"]

1. d4 Nf6 2. c4 g6 3. Nc3 Bg7 4. e4 d6 5. Be2 O-O 6. Be3 Nbd7 7. Nf3 e5 8. d5 Nh5 9. Nd2 Nf4 10. Bf1 Nc5 11. Qc2 a5 12. g3 Nh5 13.
Be2 f5 14. exf5 Bxf5 15. Nde4 Nxe4 16. Nxe4 Nf6 17. f3 Qd7 18. O-O Nxe4 19. fxe4 Bh3 20. Rxf8+ Rxf8 21. Qd2 b6 22. a3 a4 23. Re1 h5 24.
Qd1 Kh7 25. Bf1 Bg4 26. Qd2 Bf3 27. Bg2 Qg4 28. Bxf3 Qxf3 29. Qg2 Bh6 30. Bxh6 Kxh6 31. Qd2+ Kh7 32. Qe3 Qxe3+ 33. Rxe3 g5 34. Kg2 g4 35.
Rc3 Kg6 36. Rd3 Kg5 37. Re3 Rf7 38. b3 axb3 39. Rxb3 h4 40. gxh4+ Kxh4 41. Re3 Rf4 42. a4 Rf7 43. Re2 Rf4 44. Re3 Rf8 45. h3 Ra8 46. Ra3 Ra5 47. hxg4 Kxg4 48. Rg3+ Kf4 49. Rg7 Rc5 50. Kf2 Kxe4 51. Rg4+ Kd3 0-1

[Event "*** Titled Tuesday Blitz"]
[Site "Chess.com"]
[Date "2019.02.05"]
[Round "1"]
[White "GMBenjaminBok"]
[Black "valeriocarnicelli"]
[Result "1-0"]
[WhiteElo "2856"]
[BlackElo "2434"]
[TimeControl "180+2"]
[EndTime "13:08:05 PST"]
[Termination "GMBenjaminBok won on time"]

1. d4 Nf6 2. c4 g6 3. g3 Bg7 4. Bg2 O-O 5. Nf3 d6 6. Nc3 c6 7.
e4 e5 8. O-O Nbd7 9. Be3 exd4 10. Nxd4 Re8 11. h3 Nc5 12. Qc2 a5 13. Rfe1 a4 14. Rad1 Nfd7 15. Rb1 Ne5 16. b4 axb3 17. axb3 Ncd3 18. Red1 Nb4 19. Qd2 c5 20. Ndb5 Bxh3 21. Qxd6 Bxg2 22. Kxg2 Ned3 23. Bxc5 Qxd6 24. Bxd6 Bxc3 25.
Nxc3 Rad8 26. e5 f6 27. Ne4 Kf7 28. Nxf6 Rxd6 29. Nxe8 Re6 30. Nd6+ Kg7 31. f4 Re7 32. Rd2 b6 33. Ne4 Ra7 34. Rbd1 Rd7 35. Nf2 1-0

[Event "*** Titled Tuesday Blitz"]
[Site "Chess.com"]
[Date "2019.02.05"]
[Round "1"]
[White "MartinMatthiesen"]
[Black "TigranLPetrosyan"]
[Result "1-0"]
[WhiteElo "2459"]
[BlackElo "2798"]
[TimeControl "180+2"]
[EndTime "13:08:05 PST"]
[Termination "MartinMatthiesen won on time"]

1. d4 d6 2. Nf3 Bg4 3. c4 Bxf3 4. exf3 g6 5. Nc3 Bg7 6. d5 Nf6 7. Be2 O-O 8. O-O c6 9. f4 cxd5 10. cxd5 Nbd7 11. Bf3 Rc8 12. Be3 a6 13. Re1 Re8 14. g4 Nb6 15. Rc1 Nc4 16. Bd4 Nxb2 17. Qe2 Nc4 18. h4 b5 19. h5 Nd7 20. Bxg7 Kxg7 21. g5 Nc5 22. Bg4 Rb8 23. Qd1 Qa5 24. Qd4+ Kg8 25.
h6 f6 26. gxf6 e5 27. dxe6 Ne5 28. fxe5 Nxe6 29. Qxd6 Ng5 30. e6 1-0

[Event "*** Titled Tuesday Blitz"]
[Site "Chess.com"]
[Date "2019.02.05"]
[Round "1"]
[White "monalize"]
[Black "Ellaijio_B"]
[Result "0-1"]
[WhiteElo "2295"]
[BlackElo "2652"]
[TimeControl "180+2"]
[EndTime "13:08:06 PST"]
[Termination "Ellaijio_B won by resignation"]

1. e4 c5 2. Nf3 e6 3. d4 cxd4 4. Nxd4 a6 5. Bd3 Bc5 6. Nb3 Be7 7. Qg4 g6 8. Nc3 d6 9. h4 Nf6 10. Qf3 h5 11. Bg5 Nbd7 12. O-O-O Ne5 13. Qe2 Bd7 14. f4 Nxd3+ 15. Qxd3 Ng4 16. Bxe7 Qxe7 17. Rd2 Bc6 18. Qxd6 Qxd6 19. Rxd6 Ke7 20. Rd2 Rac8 21. Re1 b5 22. Nd4 Bb7 23. e5 Rc4 24. Ne4 Bxe4 25. Rxe4 Rhc8 26.
Ree2 b4 27. Kd1 a5 28. Nb5 Rxf4 29. Nd6 Rc5 30. Ke1 Rxe5 31. Rxe5 Nxe5 32. Nc8+ Kf6 33. g3 Rc4 34. Rf2+ Kg7 35. Nd6 Rd4 36. Ne8+ Kf8 37. Nf6 Ke7 38. Ng8+ Kd6 39. Nf6 Ke7 40. Ng8+ Kf8 41.
Nf6 a4 42. b3 a3 43. Rf4 Rxf4 44.
gxf4 Nf3+ 45. Kf2 Nxh4 46. Nd7+ Ke7 47. Nc5 Nf5 48. Nd3 Kd6 49. Nxb4 Kc5 50. c3 Nd6 51. Kf3 Nb5 52. Nd3+ Kd6 53. c4 Nc3 54. Nb4 Kc5 55. Nc2 Nxa2 56. Nxa3 Nc1 57. Nb5 Nxb3 58. Nc7 Kxc4 59. Ne8 Kd5 60. Ng7 Nd4+ 61. Ke3 Nf5+ 62. Nxf5 exf5 63. Kf3 Kd4 64. Kg3 Ke3 65. Kh4 Kxf4 66.
Kh3 g5 67. Kg2 Ke3 68. Kh3 f4 69. Kh2 f3 70. Kg3 f2 71. Kg2 Ke2 72. Kg3 f1=Q 73. Kh2 Qf4+ 74. Kg2 Qg4+ 0-1

[Event "*** Titled Tuesday Blitz"]
[Site "Chess.com"]
[Date "2019.02.05"]
[Round "1"]
[White "riconaipe"]
[Black "Jospem"]
[Result "0-1"]
[WhiteElo "2448"]
[BlackElo "2890"]
[TimeControl "180+2"]
[EndTime "13:08:07 PST"]
[Termination "Jospem won by resignation"]

1. d4 Nf6 2. c4 e6 3. Nc3 Bb4 4.
Nf3 O-O 5. Bg5 d5 6. e3 h6 7. Bh4 g5 8. Bg3 Ne4 9. Qc2 c5 10. Bd3 cxd4 11. exd4 f5 12. Be5 Nc6 13. O-O g4 14. Nd2 Nxe5 15. dxe5 Qg5 16. cxd5 Nxd2 17. Rfd1 Nf3+ 18. gxf3 gxf3+ 19. Kf1 exd5 20. Qb3 a5 21. Qxd5+ Kh8 22. Qxf3 Be6 23. Nd5 Bxd5 24. Qxd5 Rad8 25. Qf3 Rd4 26. Rac1 Rg8 27. Rc7 Rf4 28. Qg3 Rg4 29.
Qe3 Rg1+ 30. Ke2 Qg4+ 31. Qf3 Qxf3+ 32. Kxf3 Rxd1 33. Bxf5 Rf8 34. Kf4 Bd2+ 35. Ke4 Re1+ 36. Kd3 Rxf5 37. Kxd2 Rexe5 38. Kd3 Rxf2 39. Rxb7 Rxh2 40.
Kd4 Rg5 41. a3 Rh4+ 42. Ke3 Rg3+ 43. Kf2 Rd3 44. b4 Rh2+ 45. Kg1 Ra2 0-1

[Event "*** Titled Tuesday Blitz"]
[Site "Chess.com"]
[Date "2019.02.05"]
[Round "1"]
[White "PawnEatingZombie"]
[Black "GMsKoRPioN"]
[Result "0-1"]
[WhiteElo "2138"]
[BlackElo "2533"]
[TimeControl "180+2"]
[EndTime "13:08:07 PST"]
[Termination "GMsKoRPioN won by resignation"]

1. d4 d6 2. e4 g6 3. c4 Bg7 4.
Nc3 Nf6 5. Be2 O-O 6. Be3 e5 7. d5 Nfd7 8. g4 a5 9. h4 f5 10.
gxf5 gxf5 11. exf5 Nc5 12. Bxc5 dxc5 13. Nf3 Bxf5 14.
Ng5 Na6 15. Nge4 Kh8 16. Qd2 Bxe4 17. Nxe4 Rf4 18. Bd3 Nb4 19. a3 Nxd3+ 20. Qxd3 Bh6 21. Ke2 Qf8 22. Rag1 Qf5 23. f3 Rf8 24. Rg3 Qh5 25.
Rhh3 Rxh4 26. Rxh4 Qxh4 27. Rg4 Qh2+ 28. Kd1 Qh1+ 29. Kc2 Qxf3 30. Qxf3 Rxf3 31. Nxc5 Rf2+ 32. Kc3 e4 33. Rxe4 Bg7+ 34. Kd3 h5 35. Nxb7 Rxb2 36. Nxa5 Ra2 37. Nc6 Rxa3+ 38. Ke2 Bf6 39. Nd4 h4 40. Ne6 h3 41. Kd2 h2 0-1

[Event "*** Titled Tuesday Blitz"]
[Site "Chess.com"]
[Date "2019.02.05"]
[Round "1"]
[White "flomarechot"]
[Black "x-3738459472"]
[Result "0-1"]
[WhiteElo "2054"]
[BlackElo "2500"]
[TimeControl "180+2"]
[EndTime "13:08:07 PST"]
[Termination "x-3738459472 won by resignation"]

1. d4 Nf6 2. c4 c5 3. d5 e5 4. Nc3 d6 5. e4 Be7 6. Be2 Nbd7 7. Nf3 Nf8 8. O-O Ng6 9. a3 h5 10.
b4 b6 11. Bg5 h4 12. Qd2 Nh5 13. Bxe7 Qxe7 14. Qg5 Nhf4 15. Qxe7+ Kxe7 16. Rfe1 Bg4 17. Rab1 Nxe2+ 18. Nxe2 Bxf3 19. gxf3 cxb4 20. axb4 Rac8 21.
Ra1 Rc7 22. Rec1 h3 23. Kf1 Rhc8 24. Ng3 Nh4 25. Ke2 Kf6 26. Nh5+ Kg6 27. Ng3 Ng2 28. Nf5 Nf4+ 29. Kd2 Rd7 30. Rg1+ Ng2 31. Nh4+ Kf6 32. Nxg2 hxg2 33. Kd3 Rdc7 34. Rac1 b5 35. c5 dxc5 36. bxc5 Rxc5 37. Rxc5 Rxc5 38. Rxg2 b4 39. Rg1 a5 40.
h4 a4 41. Ra1 a3 42. h5 Rc3+ 43. Kd2 Rxf3 44. Kc2 b3+ 45. Kd2 b2 46. Rh1 a2 47.
h6 gxh6 48. Rxh6+ Kg7 49. d6 b1=Q 50. d7 Rd3+ 0-1

[Event "*** Titled Tuesday Blitz"]
[Site "Chess.com"]
[Date "2019.02.05"]
[Round "1"]
[White "ezkybel"]
[Black "vpsetter"]
[Result "0-1"]
[WhiteElo "2278"]
[BlackElo "2635"]
[TimeControl "180+2"]
[EndTime "13:08:12 PST"]
[Termination "vpsetter won by resignation"]

1. b3 e5 2. Bb2 Nc6 3. e3 Nf6 4. Bb5 Bd6 5. Na3 a6 6. Bxc6 dxc6 7. Nc4 e4 8. Ne2 O-O 9. Nxd6 cxd6 10. Ng3 d5 11. O-O Be6 12. f3 exf3 13. Qxf3 Nd7 14. Nh5 f6 15. Qg3 Qe7 16. Rf2 g6 17. Raf1 f5 18. a4 b5 19. a5 b4 20. h3 Nc5 21.
Qe5 Kf7 22. Nf4 Ke8 23. Nxe6 Nxe6 24. d3 Kd7 25. e4 fxe4 26. dxe4 Rxf2 27. Rxf2 Nc7 28.
Qg3 Rf8 29. Rxf8 Qxf8 30. Qg4+ Ne6 31. exd5 cxd5 32. Bd4 Qc8 33. Qf3 Qxc2 34. Qxd5+ Ke7 35. Be5 Qc5+ 36. Qxc5+ Nxc5 37. Kf2 Nd3+ 38. Ke3 Nxe5 39. Kd4 Kd6 0-1

[Event "*** Titled Tuesday Blitz"]
[Site "Chess.com"]
[Date "2019.02.05"]
[Round "1"]
[White "politeplayer"]
[Black "alishersuleymenov"]
[Result "0-1"]
[WhiteElo "2021"]
[BlackElo "2493"]
[TimeControl "180+2"]
[EndTime "13:08:12 PST"]
[Termination "alishersuleymenov won by resignation"]

1. e4 c5 2. Nf3 Nc6 3. d4 cxd4 4. Nxd4 Nf6 5. Nc3 d6 6. Bg5 Bd7 7. Be2 Qa5 8. Bxf6 gxf6 9. O-O Rg8 10. Kh1 Qg5 11. g3 Bh3 12. f4 Qa5 13. Rf2 Qb6 14.
Bb5 Bd7 15. Rd2 a6 16. Nd5 Qd8 17. Ba4 e6 18. Nc3 b5 19. Bb3 Nxd4 20. Rxd4 Bc6 21. Qh5 Ke7 22. Re1 Qb6 23. Rdd1 Bb7 24. f5 Rg5 25. Qf3 Rxf5 26. Qxf5 exf5 27. Nd5+ Bxd5 28. Bxd5 Rc8 29. exf5+ Kd8 30. Bxf7 Qb7+ 31. Bd5 Qg7 32. Re6 Rxc2 33. Rde1 Be7 34. Bb7 Qh6 35. h4 Qd2 36. R6e2 Qxe2 37. Rxe2 Rxe2 0-1

[Event "*** Titled Tuesday Blitz"]
[Site "Chess.com"]
[Date "2019.02.05"]
[Round "1"]
[White "Jbd735"]
[Black "ori99"]
[Result "1-0"]
[WhiteElo "2485"]
[BlackElo "1999"]
[TimeControl "180+2"]
[EndTime "13:08:12 PST"]
[Termination "Jbd735 won by resignation"]

1. e4 e5 2. Nf3 Nc6 3. Bb5 Nf6 4. d3 a6 5. Bxc6 dxc6 6. Nxe5 Bd6 7. Nc4 b5 8. Nxd6+ cxd6 9. Bg5 Qe7 10. Qf3 Bb7 11.
Nc3 h6 12. Bh4 g5 13. Bg3 O-O-O 14. O-O-O Rhe8 15. h4 g4 16. Qf5+ Kb8 17. h5 Bc8 18. Qf4 Ng8 19. Bh4 f6 20. Ne2 Qe5 21. Qe3 Kb7 22. Bg3 Qe7 23. Nf4 Be6 24. Kb1 Bf7 25. f3 gxf3 26. gxf3 f5 27. Bf2 fxe4 28. Qa7+ Kc8 29.
Qa8+ Kc7 30. Qxa6 Rb8 31. dxe4 Rb7 32. b3 Nf6 33. Bh4 Qe5 34. Nd3 Qe6 35. Qa5+ Kb8 36.
Nb4 Qd7 37. Bxf6 1-0

[Event "*** Titled Tuesday Blitz"]
[Site "Chess.com"]
[Date "2019.02.05"]
[Round "1"]
[White "Kumi29"]
[Black "hurricane7791"]
[Result "0-1"]
[WhiteElo "2301"]
[BlackElo "2680"]
[TimeControl "180+2"]
[EndTime "13:08:14 PST"]
[Termination "hurricane7791 won by resignation"]

1. d4 Nf6 2. Bg5 d5 3. e3 e6 4. Bd3 Be7 5. Nd2 b6 6. c3 Bb7 7. f4 Ne4 8. Bxe7 Qxe7 9. Ngf3 Nd7 10. O-O O-O 11. Qc2 f5 12. Ne5 Nxe5 13. fxe5 c5 14. Bxe4 fxe4 15. Qd1 Ba6 16. Rxf8+ Rxf8 17. Qg4 Bd3 18.
h3 Rf5 19. Nf1 h5 20. Qg3 h4 21. Qg4 Rg5 22. Qd1 Rf5 23. Qg4 c4 24. Nh2 b5 25.
a3 a5 26. Qd1 Qg5 27. Ng4 Rf8 28. Qe1 Rb8 29. Rd1 Qe7 30. Rd2 b4 31. axb4 axb4 32. Rf2 bxc3 33. Qxc3 Qa7 34. Kh2 Qa1 35. Qd2 Rb3 36. g3 hxg3+ 37. Kxg3 Rb8 38. Kh4 Qa7 39. Kg3 Qe7 40. Rg2 Rf8 41. Kh2 Qh4 42. Qb4 Bf1 43. Nf6+ Rxf6 44. exf6 Bxg2 45. Qb8+ Kh7 46. Kxg2 Qxf6 47.
Qe8 Qg6+ 48. Qxg6+ Kxg6 49. Kg3 Kg5 50. h4+ Kf5 51.
Kh3 e5 52. Kg3 exd4 53. exd4 g6 0-1

[Event "*** Titled Tuesday Blitz"]
[Site "Chess.com"]
[Date "2019.02.05"]
[Round "1"]
[White "m3alam"]
[Black "WhiteKnight2612"]
[Result "0-1"]
[WhiteElo "2157"]
[BlackElo "2544"]
[TimeControl "180+2"]
[EndTime "13:08:15 PST"]
[Termination "WhiteKnight2612 won by resignation"]

1. d4 Nf6 2. Nf3 e6 3. g3 d5 4. Bg2 Bd6 5. O-O O-O 6. c4 b6 7. Nc3 Bb7 8. cxd5 exd5 9. Nb5 Be7 10. Bf4 c6 11. Nc7 Nbd7 12. Nxa8 Bxa8 13. Rc1 Re8 14.
Ne5 Nxe5 15. Bxe5 Nd7 16. Bf4 Bf6 17. Qd2 Qe7 18. Rfe1 g5 19. Be3 Nf8 20. Qd3 Qd6 21. a3 h6 22. b4 Nd7 23. Qa6 Qb8 24. b5 c5 25. dxc5 d4 26. c6 Nc5 27. Rxc5 bxc5 28. Bd2 Be5 29. Bd5 Bc7 30. Ba5 Qd8 31. Bxc7 Qxd5 32. Qxa7 d3 33. Ba5 c4 34. Qd7 d2 35. Qxd5 dxe1=Q+ 36. Bxe1 Rxe2 37. Bc3 Re8 38. Qd4 Kf8 39. Qh8+ Ke7 40. Bb4+ Kd8 41. Qe5 Rxe5 42. b6 Bxc6 0-1

[Event "*** Titled Tuesday Blitz"]
[Site "Chess.com"]
[Date "2019.02.05"]
[Round "1"]
[White "kuli4ik"]
[Black "26andrej26"]
[Result "1/2-1/2"]
[WhiteElo "2835"]
[BlackElo "2421"]
[TimeControl "180+2"]
[EndTime "13:08:16 PST"]
[Termination "Game drawn by agreement"]

1. Nf3 Nf6 2. g3 g6 3. b3 Bg7 4. Bb2 d6 5. d4 c5 6. dxc5 Qa5+ 7. Nbd2 Qxc5 8. Bd4 Qc7 9. Bg2 Nc6 10. Bb2 O-O 11. O-O d5 12. c4 dxc4 13. Nxc4 Be6 14. Qc1 Rac8 15. Ng5 Bd7 16. Rd1 b5 17. Ne5 Nxe5 18. Qxc7 Rxc7 19. Bxe5 Rcc8 20. Ne4 Bg4 21. Nxf6+ exf6 22. Bd4 a5 23. Rd2 Be6 24. h4 h5 25. Rad1 a4 26.
bxa4 bxa4 27. a3 Bb3 28. Rb1 Rfd8 29. Rbb2 Rc1+ 30. Kh2 f5 31. Bxg7 Rxd2 32. Rxd2 Kxg7 33. Bd5 Ra1 34. Bxb3 axb3 35. Kg2 Rxa3 36. Rd7 Kf6 37.
Rb7 Ke6 38. e3 f6 39. Rb6+ Ke5 40. Kf3 g5 41. Rb5+ Ke6 42. Rb6+ Kf7 43. hxg5 fxg5 44. e4 b2+ 45. Kg2 fxe4 46. Rxb2 e3 47. fxe3 Rxe3 48.
Rb6 1/2-1/2